 Dungeon Crawl Stone Soup version 0.29.0-4-gdea44cf6ec (webtiles) character file.

Game seed: 15998524840329498186

2 qw the Sneak (level 1, -7/14 HPs)
             Began as a Gargoyle Delver on Sept 10, 2022.
             Killed by divine providence
             ... invoked by an orc priest
              (12 damage)
             ... on level 5 of the Dungeon.
             The game lasted 00:00:01 (126 turns).

qw the Sneak (Gargoyle Delver)                       Turns: 126, Time: 00:00:02

Health: -7/14      AC:  5    Str: 15    XL:     1   Next: 30%
Magic:  1/1        EV: 11    Int: 10    God:
Gold:   0          SH:  0    Dex: 11    Spells: 0/0 levels left

rFire   . . .      SeeInvis .   a - +0 hand axe
rCold   . . .      Faith    .   (no shield)
rNeg    + . .      Spirit   .   b - +0 leather armour
rPois   inf        Reflect  .   (no helmet)
rElec   +          Harm     .   (no cloak)
rCorr   .          Rampage  .   (no gloves)
Will    .....                   (no boots)
Stlth   +++.......              (no amulet)
HPRegen 0.04/turn               (no ring)
MPRegen 0.07/turn               (no ring)

@: no status effects
A: sickness immunity, AC +2, negative energy resistance 1, electricity
resistance, torment resistance 1, petrification resistance
a: no special abilities


You were on level 5 of the Dungeon.
You visited 1 branch of the dungeon, and saw 1 of its levels.


Innate Abilities, Weirdness & Mutations

You are immune to sickness and miasma.
Your stone body is resilient. (AC +2)
You are immune to poison.
You resist negative energy. (rN+)
You are resistant to electric shocks. (rElec)
You are resistant to unholy torment.
You are immune to petrification.


   Skills:
 - Level 3.2 Fighting
 + Level 2.0 Axes
 - Level 1.5 Dodging
 - Level 5.4 Stealth


You couldn't memorise any spells.
You didn't know any spells.
Your spell library was empty.

Inventory:

Hand Weapons
 a - a +0 hand axe (weapon)
Armour
 b - a +0 leather armour (worn)
Wands
 g - a wand of digging (3)
Scrolls
 c - a scroll of fog
 d - a scroll of magic mapping
 e - a scroll of fear
Potions
 f - a potion of haste

Dungeon Overview and Level Annotations

Branches:
Dungeon (5/15)
 Temple: D:4-7

Altars:


Message History

You closely miss the orc. The orc misses you.
You barely miss the orc priest. You barely miss the orc.
The orc priest casts a cantrip, but nothing happens.
The orc closely misses you. The orc hits you with a +0 whip.
The orc priest closely misses you.
You hit the orc priest.
The orc priest is moderately wounded.
You hit the orc.
The orc priest looks satisfied for a moment.
The orc closely misses you.
The orc wizard shouts!
You closely miss the orc priest.
The orc priest is moderately wounded.
You closely miss the orc.
You hear a shout!
The orc priest looks braver for a moment.
The orc hits you but does no damage.
An orc wizard comes into view. It is wielding a +0 dagger.
You hit the orc priest.
The orc priest is moderately wounded.
You closely miss the orc. The orc hits you but does no damage.
You hit the orc.
You kill the orc!
You closely miss the orc wizard.
Your Axes skill increases to level 2!
You hit the orc wizard.
The orc wizard is lightly wounded.
The orc wizard gestures at you while chanting.
The magic dart hits you.
The orc priest miscasts a cantrip.
You completely miss the orc priest.
The orc priest is moderately wounded.
You hit the orc wizard but do no damage.
The orc wizard hits you with a +0 dagger.
The orc priest mumbles some strange prayers to Beogh against you.
Beogh smites you!
Ouch! That really hurt!
You die...

# o# ###.
#o. #.#
##o##
##.@o##
##.....##
+...8...+
###...###
#...#
#...#
#.>.#
#...#
#####


You could see an orc priest and 2 orc wizards.

Vanquished Creatures
  An orc (D:5)
1 creature vanquished.

Notes
Turn   | Place    | Note
-------+----------+-------------------------------------------
     0 | D:5      | qw the Gargoyle Delver began the quest for the Orb.
     0 | D:5      | Reached XP level 1. HP: 14/14 MP: 1/1
     0 | D:5      | 0 ||| qw: Version: 0.1-a-116-g5d60599
     0 | D:5      | 0 ||| qw: Game counter: 7868
     0 | D:5      | 0 ||| qw: Always use a shield: true
     0 | D:5      | 0 ||| qw: God list: Okawaru
     0 | D:5      | 0 ||| qw: Allow faded altars: false
     0 | D:5      | 0 ||| qw: Do Orc after D:15 true
     0 | D:5      | 0 ||| qw: Do second Lair branch before Depths: true
     0 | D:5      | 0 ||| qw: Lair rune preference: random
     0 | D:5      | 0 ||| qw: Plans: Normal
     0 | D:5      | 0 ||| PLANNING D:1-11
     6 | D:5      | Noticed an orc wizard
     7 | D:5      | 7 ||| Stepping ~*~*~tactically~*~*~ (hiding).
   108 | D:5      | Noticed an orc priest
   109 | D:5      | 109 ||| Stepping ~*~*~tactically~*~*~ (hiding).
   122 | D:5      | Noticed an orc wizard
   126 | D:5      | Killed from afar by an orc priest

Levels and vault maps discovered:
D:5:      layout_basic, nicolae_sif_muna_little_library,
          grunt_temple_overflow_open, serial_shops,
          nicolae_shop_bloodbath_and_beyond, grunt_ministairs_14,
          dreamdust_gnoll_farm

Skill      XL: |  1 |
---------------+----+-----
Axes           | 2 |  2.0
Fighting       | |  3.2
Dodging        | |  1.5
Stealth        | |  5.4

Action                   || total
-------------------------++-------
Melee: Hand axe          ||    11
Armor: Leather armour    ||     2
Dodge: Dodged            ||     6

Table legend:
 A = Non-vault XP
 B = Vault XP
 C = Vault XP percentage of total XP
 D = Non-vault monster count
 E = Vault monster count
 F = Vault count percentage of total count
                 A         B        C        D         E       F
            +---------+---------+-------+---------+---------+-------
      Total |       3 |       0 |   0.0 |       1 |       0 |   0.0
            +---------+---------+-------+---------+---------+-------
        D:5 |       3 |       0 |   0.0 |       1 |       0 |   0.0
            +---------+---------+-------+---------+---------+-------
